 Dungeon Crawl Stone Soup version 0.29-a0-819-g94b489e0ae (webtiles) character file.

Game seed: 6292909920732741444

2296 Shayle the Covert (level 9, -2/86 HPs)
             Began as a Naga Brigand on July 6, 2022.
             Was a Follower of Ashenzari.
             Slain by a meliai
             ... wielding a +0 war axe
              (4 damage)
             ... on level 7 of the Dungeon.
             The game lasted 00:29:10 (8726 turns).

Shayle the Covert (Naga Brigand)                    Turns: 8726, Time: 00:29:11

Health: -2/86      AC: 16    Str: 14    XL:     9   Next: 40%
Magic:  27/27      EV:  7    Int: 27    God:    Ashenzari [*.....]
Gold:   391        SH:  7    Dex: 12    Spells: 21/21 levels left

rFire   . . .      SeeInvis +   w - +4 dagger "Morg" {pain, Will+ Int+5}
rCold   . . .      Faith    .   H - +2 buckler
rNeg    . . .      Spirit   .   k - +0 ring mail
rPois   +          Reflect  .   s - +1 helmet of Experimentation {rCorr}
rElec   .          Harm     .   c - +2 cloak of the Stellar Fetters {Elem, Cun} (curse)
rCorr   +          Rampage  .   (no gloves)
Will    ++...                   q - +2 barding {Fly}
Stlth   ++........              (no amulet)
HPRegen 0.24/turn               h - ring of magical power
MPRegen 0.20/turn               D - ring "Gaze Upon Infinity" {Int+6, Fort, Self} (curse)

@: silenced, flying, very slow
A: AC +3, large, see invisible, deformed body, poison resistance, slowness 2,
spit poison 1, naga tail 1
a: Spit Poison, Renounce Religion, Curse Item, Shatter the Chains


You were on level 7 of the Dungeon.
You worshipped Ashenzari.
Ashenzari was aware of your devotion.
You visited 2 branches of the dungeon, and saw 9 of its levels.

You collected 597 gold pieces.
You spent 206 gold pieces at shops.

Inventory:

Hand Weapons
 a - a +2 dagger
 n - a +2 vorpal scythe
 w - the +4 dagger "Morg" (weapon) {pain, Will+ Int+5}
   (You found it on level 3 of the Dungeon)

   In the hands of one skilled in necromantic magic, it inflicts extra damage on
   living creatures.
   Int:       It affects your intelligence (+5).
   Will:      It increases your willpower.
Missiles
 d - 12 poisoned darts (quivered)
Armour
 b - a +0 robe
 c - the cursed +2 cloak of the Stellar Fetters (worn) {Elem, Cun}

   It has a curse which improves the following skills: Elements: Fire Magic, Ice
   Magic, Air Magic and Earth Magic.
   Cunning:   Dodging and Stealth.
 e - a +0 ring mail
 k - a +0 ring mail (worn)
 q - a +2 barding of flying (worn)
 s - the +1 helmet of Experimentation (worn) {rCorr}
   (You took it off Robin on level 2 of the Dungeon)

   rCorr:     It protects you from acid and corrosion.
 F - a +0 leather armour of fire resistance
 H - a +2 buckler (worn)
Jewellery
 h - a ring of magical power (left hand)
 D - the cursed ring "Gaze Upon Infinity" (right hand) {Int+6, Fort, Self}
   (You found it on level 4 of the Dungeon)

   [ring of intelligence]

   Int:       It affects your intelligence (+6).
   It has a curse which improves the following skills: Fortitude: Armour and
   Shields.
   Introspection: Fighting and Spellcasting.
 E - an amulet of regeneration
Wands
 C - a wand of iceblast (4)
Scrolls
 f - a scroll of blinking
 j - 3 scrolls of poison
 l - a scroll of fog
 m - a scroll of vulnerability
 x - a scroll of summoning
 y - 2 scrolls of torment
 B - 3 scrolls of teleportation
 I - a scroll of magic mapping
 J - a scroll of immolation
Potions
 i - a potion of cancellation
 o - 4 potions of ambrosia
 p - 5 potions of mutation
 r - 2 potions of degeneration
 t - 4 potions of might
 u - a potion of magic
 v - 3 potions of curing
 A - a potion of attraction
 G - 2 potions of haste
 K - a potion of brilliance


   Skills:
 + Level 6.6(7.5) Fighting
 - Level 2.0 Short Blades
 - Level 1.7 Throwing
 + Level 3.0(3.7) Dodging
 - Level 8.2(9.1) Stealth
 - Level 3.2(4.0) Shields
 + Level 5.6(6.5) Spellcasting
 + Level 5.0 Necromancy


You had 21 spell levels left.
You didn't know any spells.
Your spell library was empty.

Dungeon Overview and Level Annotations

Branches:
Dungeon (8/15)             Temple (1/1) D:4
   Lair: D:8-11

Altars:
Ashenzari
Dithmenos
Elyvilon
Fedhas
Gozag
Makhleb
Nemelex Xobeh
Okawaru
Ru
Sif Muna
Uskayaw
Xom
Yredelemnul
Zin
The Shining One

Shops:
D:1 :![(*

Annotations:
D:8 1 exclusion


Innate Abilities, Weirdness & Mutations

Your serpentine skin is tough. (AC +3)
You have supernaturally acute eyesight. (SInv)
Armour fits poorly on your strangely shaped body.
Your system is resistant to poisons. (rPois)
You cover ground very slowly.
You can spit poison.
You have a snake-like lower body.


Message History

* * * LOW HITPOINT WARNING * * *
The meliai stings you!
* * * LOW HITPOINT WARNING * * *
The meliai hits you but does no damage. The meliai stings you.
* * * LOW HITPOINT WARNING * * *
You feel much better. You block the meliai's attack. The meliai stings you.
* * * LOW HITPOINT WARNING * * *
The meliai hits you with a +0 war axe!
* * * LOW HITPOINT WARNING * * *
The meliai barely misses you.
You feel much better. The meliai hits you with a +0 war axe.
You block the meliai's attack. The meliai hits you but does no damage.
You block the meliai's attack.
Okay, then.
As you read the scroll of silence, it crumbles to dust.
A profound silence engulfs you. You block the meliai's attack.
The meliai stings you but does no damage.
The meliai hits you but does no damage.
The meliai stings you but does no damage.
You hit the meliai but do no damage.
The meliai writhes in agony.
The meliai is lightly wounded.
The meliai hits you with a +0 war axe!
The meliai stings you but does no damage.
The meliai hits you but does no damage. The meliai closely misses you.
You barely miss the meliai.
The meliai is lightly wounded.
The meliai hits you with a +0 war axe!
* * * LOW HITPOINT WARNING * * *
The meliai stings you.
* * * LOW HITPOINT WARNING * * *
The meliai hits you with a +0 war axe!
* * * LOW HITPOINT WARNING * * *
The meliai stings you.
* * * LOW HITPOINT WARNING * * *
Unknown command.
Okay, then.
You feel better. The meliai hits you with a +0 war axe!
* * * LOW HITPOINT WARNING * * *
The meliai barely misses you. The meliai hits you with a +0 war axe.
You die...

#....####...#.........# #.#
#. ##<....................#
#.# #.
..#.######............## #.#
#. .##.#
####.............####.####.
.##.#
#....#.....................
.##.#
#.####.###..###..####.#####
....# #.# #.###.####..# #.# #
#######.# #....#y.....####.#
# ........#
#####@#####.##...#####
######..# #.# #.##........
######..# #.#####.##...#####
........########.#.)........#
####.............#.##########
.....#.###########.#
######.............#
###############


You could see a meliai.

Vanquished Creatures
  Grinder (D:6)
  Sigmund (D:2)
  Duvessa (D:6)
  An ice beast (D:7)
  A black bear (D:6)
  2 centaurs (D:7)
  3 phantoms
  3 bullfrogs
  2 necrophages
  2 scorpions
  2 gnoll sergeants
  4 wights
  Dowan (D:6)
  2 jellies (D:5)
  3 iguanas
  Robin (D:2)
  8 adders
  11 gnolls
  2 shadow imps
  An ufetubus (D:4)
  3 worms
  2 dart slugs
  12 orcs
  4 bats
  12 endoplasms
  4 giant cockroaches
  13 goblins
  10 hobgoblins
  7 jackals
  6 quokkas
  10 ball pythons
  8 frilled lizards
  6 kobolds
  5 rats
154 creatures vanquished.

Vanquished Creatures (others)
  A fungus (D:1)
  5 plants
6 creatures vanquished.

Grand Total: 160 creatures vanquished

Notes
Turn   | Place    | Note
-------+----------+-------------------------------------------
     0 | D:1      | Shayle the Naga Brigand began the quest for the Orb.
     0 | D:1      | Reached XP level 1. HP: 19/19 MP: 1/1
   192 | D:1      | Reached skill level 6 in Stealth
   398 | D:1      | Found Ebugef's Book Boutique.
   405 | D:1      | Found Aviuf's Distillery.
   409 | D:1      | Bought a potion of heal wounds for 50 gold pieces
   509 | D:1      | Reached XP level 2. HP: 21/26 MP: 2/2
  1034 | D:1      | Reached skill level 1 in Spellcasting
  1177 | D:1      | Found Juazoima's Antique Armour Shop.
  1195 | D:1      | Reached XP level 3. HP: 18/33 MP: 4/4
  1344 | D:1      | Found Boebus's Assorted Antiques.
  1380 | D:1      | Bought a scroll labelled ILUJOO XESAYD for 23 gold pieces
  1380 | D:1      | Bought a scroll labelled UDUVVIYFEW for 23 gold pieces
  1453 | D:1      | Found Uteqa's Weapon Shoppe.
  1618 | D:1      | Found a faded altar of an unknown god.
  1940 | D:2      | Noticed Sigmund
  1944 | D:2      | Killed Sigmund
  1945 | D:2      | Reached skill level 7 in Stealth
  1945 | D:2      | Reached XP level 4. HP: 43/43 MP: 7/7
  1945 | D:2      | Reached XP level 5. HP: 49/49 MP: 8/8
  2232 | D:2      | Identified a scroll of acquirement
  2232 | D:2      | Acquired a +2 barding of flying
  2535 | D:2      | Reached XP level 6. HP: 57/57 MP: 10/10
  2753 | D:2      | Identified the +1 helmet of Experimentation {rCorr}
  2753 | D:2      | Noticed Robin
  2799 | D:2      | Killed Robin
  2800 | D:2      | Reached skill level 8 in Stealth
  3272 | D:1      | Bought a potion of magic for 80 gold pieces
  3272 | D:1      | Bought a potion of curing for 30 gold pieces
  3307 | D:3      | Found the +4 dagger "Morg" {pain, Will+ Int+5}
  4045 | D:3      | Found a glowing golden altar of the Shining One.
  4371 | D:4      | Reached skill level 1 in Necromancy
  4371 | D:4      | Reached XP level 7. HP: 43/66 MP: 12/12
  4538 | D:4      | Found a staircase to the Ecumenical Temple.
  4575 | Temple   | Entered the Ecumenical Temple
  4592 | Temple   | Became a worshipper of Ashenzari the Shackled
  5097 | D:5      | Entered Level 5 of the Dungeon
  5191 | D:5      | Reached skill level 5 in Fighting
  5498 | D:5      | Found a shimmering altar of Xom.
  5516 | D:5      | Reached XP level 8. HP: 74/74 MP: 14/14
  6053 | D:6      | Found a basalt altar of Yredelemnul.
  6132 | D:6      | Reached skill level 1 in Dodging
  6132 | D:6      | Reached skill level 1 in Shields
  6751 | D:6      | Reached * piety under Ashenzari
  6833 | D:6      | Noticed Grinder
  6836 | D:6      | Killed Grinder
  6837 | D:6      | Reached skill level 5 in Spellcasting
  6882 | D:6      | Noticed Duvessa
  6921 | D:6      | Noticed Dowan
  6935 | D:6      | Killed Duvessa
  6936 | D:6      | Reached XP level 9. HP: 77/86 MP: 18/18
  6949 | D:6      | Killed Dowan
  8231 | D:8      | Found a burning altar of Makhleb.
  8440 | D:8      | Noticed a meliai
  8447 | D:8      | Reached skill level 5 in Necromancy
  8725 | D:7      | HP: 4/86 [meliai/+0 war axe (7)]
  8726 | D:7      | Slain by a meliai

Illustrated notes

Levels and vault maps discovered:
D:1:      giann_bridges, layout_basic, serial_shops, shop, shop,
          nicolae_lakefront_shop, shop, shop,
          shapermc_ecumenical_altar_mp_ritualfount, minmay_stone_trees_small,
          minmay_crystal_water
D:2:      layout_basic, minmay_lizard_pond, uniq_robin, uniq_sigmund
D:3:      wad_river_or_something, layout_basic,
          mainiacjoe_overflow_cross_hatched, minmay_misc_feat_roman,
          minmay_statues_item
D:4:      layout_cave_pools, minmay_temple_entry_gardened_gates,
          corexii_corridor_pit
D:5:      layout_rooms, nicolae_overflow_hidden_temple, chequers_garden
D:6:      layout_basic, yredelemnul_altar_generic, hellmonk_bongcloud_opening,
          grunt_decor_cap, item_on_display_a, uniq_grinder, uniq_duvessa
D:7:      layout_loops_ring
D:8:      minmay_clustersquares, layout_basic,
          chequers_temple_overflow_minitemple, mainiacjoe_overflow_24_doors,
          erik_lair_orcish_takeover, serial_co_window_serial, co_window_paths_a,
          co_window_paths_a, co_window_corner_a, co_window_paths_a,
          co_window_corner_a, co_window_corner_a, co_window_corner_cb,
          co_window_broadway_b, co_window_paths_c, co_window_paths_d,
          glass_columns_c, glass_columns_b, glass_columns_a, glass_columns_a,
          serial_shops, shop
Temple:   cyrus_circular_temple

Skill      XL: |  1  2  3  4  5  6  7  8  9 |
---------------+----------------------------+-----
Stealth        | 6 7 8 |  8.2
Spellcasting   | 1 2 3 4 5 |  5.6
Fighting       | 3 4 5 6 |  6.6
Necromancy     | 1 3 4 5 |  5.0
Dodging        | 2 3 |  3.0
Shields        | 2 3 |  3.2
Short Blades   | |  2.0
Throwing       | |  1.7

Action                   |  1- 3 |  4- 6 |  7- 9 || total
-------------------------+-------+-------+-------++-------
Melee: Dagger            |    72 |    84 |   297 ||   453
       Punch             |     1 |       |       ||     1
       Halberd           |       |    67 |    20 ||    87
Throw: Dart              |     3 |     2 |     3 ||     8
Invok: Curse Item        |       |       |     2 ||     2
 Abil: Spit Poison       |    19 |    12 |    25 ||    56
  Use: Scroll            |     1 |     1 |     9 ||    11
       Potion            |       |       |     3 ||     3
 Stab: Sleeping          |     1 |    10 |    11 ||    22
       Distracted        |       |       |     1 ||     1
Armor: Robe              |     4 |       |       ||     4
       Ring mail         |    18 |   129 |   198 ||   345
Dodge: Dodged            |    15 |    68 |   102 ||   185
Block: Buckler           |       |       |    66 ||    66

Table legend: (Time is in decaauts)
 A = Elapsed time spent in this place.
 B = Non-inter-level travel time spent in this place.
 C = Inter-level travel time spent in this place.
 D = Time resting spent in this place.
 E = Time spent auto-exploring this place.
 F = Levels seen in this place.
 G = Mean time per level.
                   A        B        C        D        E       F      G
               +--------+--------+--------+--------+--------+-----+--------+
         Total |  11035 |  10640 |    395 |    689 |   7419 |   9 | 1226.1 |
       Dungeon |  11002 |  10619 |    383 |    689 |   7409 |   8 | 1375.2 |
        Temple |     33 |     21 |     12 |      0 |      9 |   1 |   33.0 |
               +--------+--------+--------+--------+--------+-----+--------+

Top non-repeatable levels by time:
     D:1: 2317 daAuts
     D:6: 1935 daAuts
     D:2: 1801 daAuts
     D:3: 1343 daAuts
     D:7: 1088 daAuts
     D:5: 939 daAuts
     D:4: 875 daAuts
     D:8: 701 daAuts
  Temple: 33 daAuts
